 Dungeon Crawl Stone Soup version 0.28.0-53-g5a82cb258f (webtiles) character file.

Game seed: 15549236204535088763

2973 tkbsonic5 the Chiller (level 9, 0/65 HPs)
             Began as a Merfolk Ice Elementalist on Aug 21, 2022.
             Was a Priest of Okawaru.
             Slain by a two-headed ogre
             ... wielding a +0 dire flail
              (13 damage)
             ... on level 8 of the Dungeon.
             The game lasted 00:58:01 (8808 turns).

tkbsonic5 the Chiller (Merfolk Ice Elementalist)    Turns: 8808, Time: 00:58:02

Health: 0/65       AC: 11    Str:  8    XL:     9   Next: 82%
Magic:  12/17      EV: 17    Int: 18    God:    Okawaru [***...]
Gold:   265        SH:  0    Dex: 15    Spells: 2/19 levels left

rFire   . . .      SeeInvis .   i - +5 quarterstaff (spect)
rCold   . . .      Faith    .   (shield currently unavailable)
rNeg    . . .      Spirit   .   f - +1 robe {Will+}
rPois   .          Reflect  .   (no helmet)
rElec   .          Harm     .   (no cloak)
rCorr   +          Rampage  .   (no gloves)
Will    +....                   (no boots)
Stlth   ++++......              (no amulet)
HPRegen 0.20/turn               u - ring of resist corrosion
MPRegen 0.15/turn               (no ring)

@: ice-armoured, heroic
A: (nimble swimmer 2), mertail
a: Renounce Religion, Heroism


You were on level 8 of the Dungeon.
You worshipped Okawaru.
Okawaru was most pleased with you.
You visited 1 branch of the dungeon, and saw 8 of its levels.

You collected 265 gold pieces.

Inventory:

Hand Weapons
 c - a +2 spear of venom
 i - a +5 spectral quarterstaff (weapon)
 w - a +1 flail of draining
 x - a +0 trident
 D - a +1 whip of venom
Missiles
 h - 11 boomerangs
 s - 7 poisoned darts
 v - 12 bolts
 z - 46 sling bullets
 C - 10 atropa-tipped darts (quivered)
 H - 5 javelins
Armour
 f - a +1 robe of willpower (worn)
 o - a +0 buckler
 p - a scarf of harm
Magical Staves
 E - a staff of cold
 F - a staff of death
Jewellery
 d - a ring of protection from cold
 u - a ring of resist corrosion (left hand)
Wands
 e - a wand of flame (16)
 g - a wand of iceblast (6)
 y - a wand of digging (9)
Scrolls
 a - a scroll of brand weapon {unknown}
 b - a scroll of silence
 j - a scroll of fog
 k - a scroll of teleportation
 m - 2 scrolls of amnesia
 G - a scroll of enchant weapon
Potions
 l - a potion of brilliance {unknown}
 n - a potion of berserk rage {unknown}
 q - a potion of might
 r - a potion of curing
 t - a potion of resistance {unknown}
 A - 2 potions of attraction
 B - a potion of mutation {unknown}


   Skills:
 * Level 4.0(9.0) Fighting
 - Level 2.7(8.2) Polearms
 * Level 1.1(6.5) Staves
 + Level 3.6(8.6) Throwing
 + Level 5.5(10.5) Dodging
 + Level 5.2(10.2) Stealth
 * Level 5.5 Spellcasting
 * Level 3.2 Conjurations
 * Level 1.7 Translocations
 * Level 7.5 Ice Magic
 * Level 1.4 Air Magic
 + Level 2.8 Invocations
 + Level 2.3 Evocations


You had 2 spell levels left.
You knew the following spells:

 Your Spells              Type           Power      Damage    Failure   Level
a - Freeze                Ice            100%       1d11      1%          1
b - Frozen Ramparts       Ice            64%        1d8       1%          3
c - Ozocubu's Armour      Ice            32%        N/A       1%          3
d - Hailstorm             Conj/Ice       24%        3d7       14%         4
e - Passage of Golubria   Tloc           11%        N/A       52%         4
f - Static Discharge      Conj/Air       13%        N/A       7%          2

Your spell library contained the following spells:

 Spells                   Type           Power      Damage    Failure   Level
 Lightning Bolt           Conj/Air       6%         1d18      78%         5
 Yara's Violent Unravell  Hex/Tmut       2%         3d3       98%         5
 Maxwell's Capacitive Co  Air            5%         ∞         100%        8
 Summon Small Mammal      Summ           Unusable   N/A       N/A         1
 Call Canine Familiar     Summ           Unusable   N/A       N/A         3
 Summon Guardian Golem    Hex/Summ       Unusable   N/A       N/A         3
 Tukima's Dance           Hex            Unusable   N/A       N/A         3

Dungeon Overview and Level Annotations

Branches:
Dungeon (8/15)             Temple (0/1) D:6
   Lair: D:8-11

Altars:
Ashenzari
Cheibriados
Dithmenos
Hepliaklqana
Kikubaaqudgha
Nemelex Xobeh
Okawaru
Sif Muna
Uskayaw
Yredelemnul
Zin

Shops:
D:2 ?

Annotations:
D:4 1 runed translucent door


Innate Abilities, Weirdness & Mutations

((You are very nimble when in or above water. (Stealth+, EV+, Speed+++)))
Your lower body shifts to a powerful aquatic tail in water.


Message History

The frozen ramparts melt away as you move.
Found a ring mail.
Your magical contamination has completely faded away.
Things that are here:
5 large rocks; a cyclops corpse
C - 7 atropa-tipped darts (gained 5)
Things that are here:
5 large rocks; a cyclops corpse A two-headed ogre comes into view.
It is wielding two +0 dire flails.
You see here an atropa-tipped dart.
C - 8 atropa-tipped darts (gained 1)
The two-headed ogre shouts in stereo!
You hear a shout!
You see here 2 atropa-tipped darts.
C - 10 atropa-tipped darts (gained 2)
Things that are here:
5 large rocks; a cyclops corpse A kobold brigand comes into view.
It is wielding a +0 dagger and quivering curare-tipped darts.
There is a stone staircase leading up here.
You climb upwards.
There is a stone staircase leading down here.
You start resting.
Magic restored.
You start resting.
HP restored.
You gain the combat prowess of a mighty hero.
You can no longer speed up your combat.
You climb downwards.
The two-headed ogre hits you with a +0 dire flail!
The two-headed ogre misses you.
There is a stone staircase leading up, spattered with blood here.
Casting: Frozen Ramparts (safe; 1% risk of failure)
Confirm with . or Enter, or press ? or * to list all spells.
A film of ice covers your body!
The two-headed ogre hits you with a +0 dire flail!!
The two-headed ogre closely misses you.
You barely miss the two-headed ogre.
The two-headed ogre hits you with a +0 dire flail!!
* * * LOW HITPOINT WARNING * * *
The two-headed ogre hits you with a +0 dire flail!
You die...

#..#.# .#
#.#.###.####
#..........
#.#...#
#...#.#
#.[(..#
#..#K###
....##O#
..### #@# ..
### #


You could see a two-headed ogre and a kobold brigand.

Vanquished Creatures
  A cyclops (D:8)
  Joseph (D:7)
  Grinder (D:6)
  A water moccasin (D:6)
  2 sky beasts
  4 ice beasts
  An orc warrior (D:7)
  2 ogres
  A phantom (D:6)
  A kobold brigand (D:6)
  A scorpion (D:5)
  A bullfrog (D:6)
  A wyvern skeleton (D:6)
  2 vampire bats (D:4)
  A howler monkey (D:6)
  2 bullfrog zombies
  A centaur zombie (D:5)
  An iron imp (D:7)
  A gnoll shaman (D:7)
  2 orc priests (D:6)
  3 hounds
  2 iguanas
  2 orc wizards (D:7)
  4 howler monkey skeletons
  A howler monkey zombie (D:6)
  4 gnolls
  11 adders
  2 white imps
  2 ufetubi (D:5)
  2 adder skeletons (D:4)
  A dart slug (D:1)
  14 orcs
  7 ball pythons
  2 bat skeletons (D:4)
  4 bat zombies (D:4)
  9 endoplasms
  4 giant cockroaches
  9 hobgoblins
  2 jackals (D:3)
  2 quokkas
  8 bats
  2 frilled lizards (D:2)
  5 goblins
  12 kobolds
  A kobold zombie (D:4)
  3 rats (D:1)
146 creatures vanquished.

Vanquished Creatures (others)
  3 fungi (D:2)
  11 plants (D:2)
14 creatures vanquished.

Grand Total: 160 creatures vanquished

Notes
Turn   | Place    | Note
-------+----------+-------------------------------------------
     0 | D:1      | tkbsonic5 the Merfolk Ice Elementalist began the quest for
                  | the Orb.
     0 | D:1      | Reached XP level 1. HP: 13/13 MP: 3/3
   149 | D:1      | Reached XP level 2. HP: 19/19 MP: 5/5
   632 | D:1      | Reached XP level 3. HP: 23/25 MP: 6/6
   833 | D:1      | Learned a level 3 spell: Frozen Ramparts
  1144 | D:2      | Found a faded altar of an unknown god.
  1373 | D:2      | Found Achew's Magic Scroll Emporium.
  1907 | D:3      | Found a shadowy altar of Dithmenos.
  1912 | D:3      | Found a broken altar of Ashenzari.
  1914 | D:3      | Found a glowing silver altar of Zin.
  1914 | D:3      | Found an iron altar of Okawaru.
  1934 | D:3      | Became a worshipper of Warmaster Okawaru
  2168 | D:3      | Reached skill level 1 in Fighting
  2574 | D:3      | Reached XP level 4. HP: 32/32 MP: 5/7
  2643 | D:3      | Reached skill level 1 in Throwing
  2643 | D:3      | Reached skill level 5 in Ice Magic
  2866 | D:4      | Reached XP level 5. HP: 29/37 MP: 5/9
  2920 | D:4      | Learned a level 3 spell: Ozocubu's Armour
  2956 | D:4      | Found a runed translucent door.
  2956 | D:4      | Noticed a human
  2959 | D:4      | Found a basalt altar of Yredelemnul.
  3216 | D:4      | Found a shimmering blue altar of Sif Muna.
  3450 | D:4      | Noticed an ogre
  3495 | D:4      | Killed an ogre
  3496 | D:4      | Reached XP level 6. HP: 40/44 MP: 5/10
  3759 | D:4      | Found a hide-covered altar of Uskayaw.
  3925 | D:4      | Found an ancient bone altar of Kikubaaqudgha.
  3932 | D:4      | Reached * piety under Okawaru
  4038 | D:5      | Entered Level 5 of the Dungeon
  4282 | D:5      | Noticed an ice beast
  4302 | D:5      | Killed an ice beast
  4303 | D:5      | Reached XP level 7. HP: 36/50 MP: 7/12
  4323 | D:5      | Identified a scroll of acquirement
  4323 | D:5      | Acquired a staff of cold
  4331 | D:5      | Learned a level 4 spell: Hailstorm
  4420 | D:5      | Reached skill level 6 in Ice Magic
  5172 | D:5      | Reached skill level 1 in Conjurations
  5385 | D:5      | Found a hazy altar of Hepliaklqana.
  5525 | D:6      | Found a sparkling altar of Nemelex Xobeh.
  5569 | D:6      | Found a staircase to the Ecumenical Temple.
  5723 | D:6      | Reached skill level 1 in Invocations
  5952 | D:6      | Reached XP level 8. HP: 51/57 MP: 10/14
  5993 | D:6      | Reached skill level 1 in Evocations
  6147 | D:6      | Noticed Grinder
  6158 | D:6      | Paralysed by Grinder for 6 turns
  6178 | D:6      | Killed Grinder
  6178 | D:6      | Reached ** piety under Okawaru
  6644 | D:6      | Reached skill level 1 in Polearms
  7181 | D:6      | Reached skill level 5 in Dodging
  7181 | D:6      | Reached skill level 7 in Ice Magic
  7245 | D:6      | Reached XP level 9. HP: 41/64 MP: 13/16
  7251 | D:6      | Learned a level 4 spell: Passage of Golubria
  7482 | D:6      | Reached skill level 5 in Spellcasting
  7910 | D:7      | Learned a level 2 spell: Static Discharge
  7925 | D:7      | Noticed Joseph
  7973 | D:7      | Killed Joseph
  7973 | D:7      | Reached *** piety under Okawaru
  7974 | D:7      | Reached skill level 5 in Stealth
  7974 | D:7      | Reached skill level 1 in Translocations
  8216 | D:7      | Reached skill level 1 in Air Magic
  8547 | D:7      | Found a snail-covered altar of Cheibriados.
  8599 | D:8      | Noticed a cyclops
  8610 | D:8      | Killed a cyclops
  8610 | D:8      | Reached **** piety under Okawaru
  8610 | D:8      | Received a gift from Okawaru
  8611 | D:8      | Reached skill level 1 in Staves
  8615 | D:8      | Noticed a two-headed ogre
  8808 | D:8      | Slain by a two-headed ogre

Illustrated notes

Levels and vault maps discovered:
D:1:      dpeg_arrival_erosion, layout_loops_cross
D:2:      layout_loops_ring, shapermc_ecumenical_altar_mp_ritualfount,
          serial_shops, shop, hangedman_decor_clover_reticule
D:3:      layout_loops_corners, chequers_temple_overflow_statue_of_worship
D:4:      minmay_opposing_rooms, layout_rooms, kennysheep_vampire_church,
          dk_yredelemnul_ordeal, nicolae_overflow_squiral
D:5:      layout_basic, nicolae_hepliaklqana_hippocampus
D:6:      minmay_diamond_boxcup, layout_loops_corners,
          nemelex_xobeh_ov_fountains_minmay, minmay_temple_entry_offerings,
          minivault_11, kennysheep_nondescript, minmay_misc_feat_tower,
          uniq_grinder
D:7:      layout_basic, slow_altar_1, ebering_ghost_disaster_area, uniq_joseph,
          uniq_menkaure
D:8:      layout_basic, kennysheep_mini_moat, serial_shops, shop,
          minmay_manual_mail

Skill      XL: |  1  2  3  4  5  6  7  8  9 |
---------------+----------------------------+-----
Dodging        | 3 4 5 |  5.5
Fighting       | 1 2 3 4 |  4.0
Throwing       | 1 2 3 |  3.6
Ice Magic      | 5 6 7 |  7.5
Stealth        | 3 4 5 |  5.2
Spellcasting   | 3 4 5 |  5.5
Conjurations   | 1 2 3 |  3.2
Invocations    | 1 2 |  2.8
Evocations     | 1 2 |  2.3
Polearms       | 2 |  2.7
Translocations | 1 |  1.7
Air Magic      | 1 |  1.4
Staves         | 1 |  1.1

Action                   |  1- 3 |  4- 6 |  7- 9 || total
-------------------------+-------+-------+-------++-------
Melee: Mace              |    43 |    31 |       ||    74
       Dagger            |     3 |       |     8 ||    11
       Punch             |       |     2 |     7 ||     9
       Flail             |       |    57 |    99 ||   156
       Tailslap          |       |     1 |       ||     1
       Staff             |       |       |    43 ||    43
       Quarterstaff      |       |       |    10 ||    10
       Trident           |       |       |     6 ||     6
Throw: Dart              |    73 |     8 |    21 ||   102
       Boomerang         |    13 |    37 |    55 ||   105
       Javelin           |       |       |     2 ||     2
 Cast: Freeze            |    18 |    21 |    44 ||    83
       Frozen Ramparts   |     2 |     5 |    10 ||    17
       Ozocubu's Armour  |       |     7 |    20 ||    27
       Hailstorm         |       |       |     6 ||     6
Invok: Heroism           |       |       |     4 ||     4
Evoke: Wand              |       |       |     6 ||     6
  Use: Scroll            |     8 |     3 |     5 ||    16
       Potion            |       |       |     6 ||     6
 Stab: Sleeping          |     1 |     2 |     1 ||     4
       Invisible         |     1 |       |       ||     1
Armor: Robe              |     7 |    63 |    61 ||   131
Dodge: Dodged            |    41 |   121 |   178 ||   340
